 Dungeon Crawl Stone Soup version 0.21.0-3-g78d12a8 (webtiles) character file.

612 Jatast the Slasher (level 7, 0/45 HPs)
             Began as a Halfling Monk on Jan 10, 2018.
             Killed by divine providence
             ... invoked by an orc priest
              (12 damage)
             ... on level 5 of the Dungeon.
             The game lasted 00:14:27 (6201 turns).

Jatast the Slasher (Halfling Monk)                  Turns: 6201, Time: 00:14:28

Health: 0/45       AC:  7    Str: 14    XL:     7   Next: 72%
Magic:  7/7        EV: 14    Int:  8    God:
Gold:   91         SH:  0    Dex: 17    Spells: 6/6 levels left

rFire    . . .     SeeInvis .   a - +1 falchion
rCold    . . .     Gourm    .   (shield restricted)
rNeg     . . .     Faith    .   j - +0 ring mail
rPois    .         Spirit   .   (no helmet)
rElec    .         Reflect  .   (no cloak)
rCorr    .         Harm     .   d - +1 pair of gloves
MR       .....                  (no boots)
Stlth    ++........             (no amulet)
HPRegen  0.15/turn              (no ring)
MPRegen  0.10/turn              (no ring)

@: slowed, very slow
A: small, mutation resistance 1
a: no special abilities


You were on level 5 of the Dungeon.
You were hungry.

You visited 1 branch of the dungeon, and saw 5 of its levels.

You collected 91 gold pieces.

Inventory:

Hand Weapons
 a - a +1 falchion (weapon)
 b - a +0 hunting sling
Missiles
 k - 14 sling bullets
Armour
 d - a +1 pair of gloves (worn)
 j - a +0 ring mail (worn)
 p - a +0 scale mail
Potions
 g - 2 potions of curing
 l - 2 potions of brilliance
 m - a potion of berserk rage
 n - a potion of invisibility
 q - a potion of cancellation
 r - a potion of lignification
 s - a potion of flight
 t - a potion of might
Comestibles
 c - 2 rations


   Skills:
 - Level 2.6 Fighting
 + Level 7.1 Long Blades
 - Level 6.1 Slings
 - Level 3.2 Dodging
 - Level 2.1 Stealth


You had 6 spell levels left.
You didn't know any spells.

Dungeon Overview and Level Annotations

Branches:
Dungeon (5/15)
 Temple: D:4-7

Altars:
Trog
Uskayaw

Annotations:
D:3 arkorax's ghost, amateur GrCK


Innate Abilities, Weirdness & Mutations

You are small and have problems with some larger weapons.
You are somewhat resistant to further mutation.


Message History

The orc wizard shouts!
The orc wizard casts a spell at you.
You feel yourself slow down.
An orc priest comes into view. It is wielding a dagger.
An orc comes into view.
The orc priest looks braver for a moment.
An orc comes into view. It is wielding an enchanted hand axe.
The orc wizard casts a spell at you. The magic dart hits you!
The orc wizard mumbles some strange words.
The orc wizard blinks!
You hear a shout!
The orc wizard casts a spell.
The orc wizard blinks!
The orc priest mumbles some strange prayers to Beogh against you.
Beogh smites you!
* * * LOW HITPOINT WARNING * * *
The orc priest calls down the wrath of Beogh upon you.
Beogh smites you!
You die...

#.# #.# ###.#####
##.......#
###....###.###.#
#.o............#
#ยง#...o###.#####
#.##.#o.o.)#
#o##.#####@#
#.##.#####.#
#o##.....[<#
#.########)# #o#
#.# #.# #.# #.#
#.# #.# ..# #.#
###


You could see an orc priest, an orc wizard and an orc.

Vanquished Creatures
  A phantom (D:5)
  A sky beast (D:3)
  A crimson imp (D:5)
  An orc priest (D:4)
  An iguana (D:5)
  4 orc wizards
  A worker ant (D:4)
  4 gnolls (D:4)
  6 adders
  3 oozes (D:2)
  2 worms (D:2)
  3 dart slugs
  2 leopard geckos
  20 orcs
  6 bats
  6 giant cockroaches
  5 goblins
  8 hobgoblins
  5 jackals
  4 kobolds
  A quokka (D:4)
  2 frilled lizards (D:2)
  7 rats
94 creatures vanquished.

Notes
Turn   | Place    | Note
-------+----------+-------------------------------------------
     0 | D:1      | Jatast the Halfling Monk began the quest for the Orb.
     0 | D:1      | Reached XP level 1. HP: 15/15 MP: 1/1
   405 | D:1      | Reached XP level 2. HP: 20/20 MP: 2/2
  1060 | D:2      | Reached skill level 4 in Long Blades
  1060 | D:2      | Reached XP level 3. HP: 23/25 MP: 3/3
  1704 | D:2      | Reached XP level 4. HP: 28/30 MP: 4/4
  1863 | D:2      | Reached skill level 1 in Slings
  2193 | D:3      | Reached XP level 5. HP: 33/35 MP: 5/5
  2201 | D:3      | Reached skill level 5 in Long Blades
  2293 | D:3      | Noticed arkorax's ghost (amateur GrCK)
  4199 | D:3      | Found a bloodstained altar of Trog.
  4254 | D:3      | Noticed a sky beast
  4270 | D:3      | Killed a sky beast
  4270 | D:3      | Reached XP level 6. HP: 20/41 MP: 6/6
  4744 | D:4      | Reached skill level 5 in Slings
  4748 | D:4      | Reached skill level 6 in Long Blades
  4885 | D:4      | Reached XP level 7. HP: 19/45 MP: 7/7
  5329 | D:4      | Found a hide-covered altar of Uskayaw.
  5578 | D:5      | Entered Level 5 of the Dungeon
  6105 | D:5      | Reached skill level 7 in Long Blades
  6201 | D:5      | Killed from afar by an orc priest

Skill      XL: |  1  2  3  4  5  6  7 |
---------------+----------------------+-----
Long Blades    | 4 5 6 7 |  7.1
Slings         | 2 4 5 6 |  6.1
Fighting       | |  2.6
Dodging        | |  3.2
Stealth        | |  2.1

Action                   |  1- 3 |  4- 6 |  7- 9 || total
-------------------------+-------+-------+-------++-------
Melee: Falchion          |    83 |   231 |    97 ||   411
 Fire: Hunting sling     |       |    50 |    13 ||    63
  Use: Scroll            |     3 |     2 |    11 ||    16
       Potion            |       |     2 |       ||     2
 Stab: Sleeping          |     4 |     1 |       ||     5
  Eat: Chunk             |     3 |     6 |     4 ||    13
       Ration            |       |     1 |       ||     1
Armor: Robe              |     4 |       |       ||     4
       Ring mail         |     7 |    53 |    18 ||    78
Dodge: Dodged            |    52 |   149 |    57 ||   258
       Rpst.: Falchion   |    22 |    50 |    20 ||    92
